AoeStats
← SaBaLeRo

Marketplace

506369872Analyzed
1v1 RM · 20d ago on Sep 13, 2026· 48m 54s· 2 players
Game mode
Random Map
Map size
Tiny (2 player)
Population
200
Speed
Normal
Resources
Standard
Victory
Conquest
Starting age
Dark Age
Ending age
Imperial Age
RankedLock teamsTeams togetherTeam positionsShared explorationLock speedFull tech treeHidden civsTurbo modeCheats
Victory
Defeat
🇦🇷 Khmer · Argentina
1159
+14
🇪🇪 Huns · Estonia
1119
-14
Bebull
9:04 Feudal Age
7:42 Loom
12:30 Double-Bit Axe
18:16 Castle Age
17:21 Horse Collar
17:59 Gold Mining
19:30 Scale Barding Armor
19:40 Forging
22:10 Bloodlines
22:45 Husbandry
23:38 Town Watch
25:56 Wheelbarrow
30:52 Chain Barding Armor
31:45 Iron Casting
38:55 Pikeman
39:40 Scale Mail Armor
39:53 Arson
42:36 Squires
43:28 Bow Saw
51:43 Imperial Age
SaBaLeRo
6:56 Loom
9:23 Feudal Age
10:37 Double-Bit Axe
14:22 Horse Collar
19:23 Castle Age
17:34 Gold Mining
18:18 Scale Barding Armor
19:08 Forging
19:28 Bloodlines
20:53 Chain Barding Armor
20:40 Husbandry
22:03 Bow Saw
23:15 Light Cavalry
27:59 Iron Casting
30:19 Town Watch
31:11 Wheelbarrow
35:15 Imperial Age
36:11 Hand Cart
35:57 Town Patrol
35:19 Cavalier
37:06 Blast Furnace
36:07 Hussar
38:36 Plate Barding Armor
39:00 Heavy Plow
40:50 Crop Rotation
40:11 Stone Mining
45:07 Fletching
46:42 Chemistry
46:03 Ballistics
46:23 Elite Ballista Elephant
47:05 Bodkin Arrow
47:28 Padded Archer Armor
47:26 Murder Holes
48:35 Conscription
48:21 Bracer
Connection lost

Rejoining the realm…

Still unreachable

The connection could not be restored.

Session expired

The server has moved on; the page needs a fresh start.